 Seeded DCSS version 0.29-a0-375-g5102b3be25 (webtiles) character file.

Game seed: 13605594255664981076 (custom seed)

421 thiscave3701365 the Chopper (level 6, -4/79 HPs)
             Began as a Minotaur Berserker on May 3, 2022.
             Was a Believer of Trog.
             Slain by an ogre
             ... wielding a +0 giant club
              (7 damage)
             ... on level 5 of the Dungeon.
             The game lasted 00:05:14 (5729 turns).

thiscave3701365 the Chopper (Minotaur Berserker)    Turns: 5729, Time: 00:05:14

Health: -4/79      AC: 10    Str: 24    XL:     6   Next: 62%
Magic:  5/5        EV:  9    Int:  4    God:    Trog [**....]
Gold:   203        SH:  0    Dex:  9    Spells: 5/5 levels left

rFire   . . .      SeeInvis .   a - +0 hand axe
rCold   . . .      Faith    .   (no shield)
rNeg    . . .      Spirit   .   b - +1 chain mail {rPois}
rPois   +          Reflect  .   (helmet restricted)
rElec   .          Harm     .   (no cloak)
rCorr   .          Rampage  .   (no gloves)
Will    .....                   (no boots)
Stlth   ..........              (no amulet)
HPRegen 0.23/turn               (no ring)
MPRegen 0.09/turn               (no ring)

@: berserking, very quick
A: horns 2, retaliatory headbutt
a: Renounce Religion, Berserk, Trog's Hand


You were on level 5 of the Dungeon.
You worshipped Trog.
Trog was pleased with you.
You visited 1 branch of the dungeon, and saw 5 of its levels.

You collected 203 gold pieces.

Inventory:

Hand Weapons
 a - a +0 hand axe (weapon)
Armour
 b - a +1 chain mail of poison resistance (worn)
Jewellery
 g - a ring of protection from cold
Wands
 k - a wand of digging (3)
 p - a wand of charming (10)
Scrolls
 h - a scroll of fog
 o - a scroll of poison
Potions
 c - a potion of brilliance {unknown}
 d - a potion of heal wounds
 f - 2 potions of haste
 i - a potion of mutation
 j - a potion of flight
 l - a potion of might
 m - a potion of ambrosia
 n - a potion of magic {unknown}


   Skills:
 - Level 4.5 Fighting
 + Level 7.6 Axes
 - Level 3.6 Armour
 - Level 3.4 Dodging


You had 5 spell levels left.
You didn't know any spells.
Your spell library was empty.

Dungeon Overview and Level Annotations

Branches:
Dungeon (5/15)             Temple (0/1) D:4

Altars:
Cheibriados
Gozag
Makhleb
Nemelex Xobeh
Okawaru
Uskayaw


Innate Abilities, Weirdness & Mutations

You have a pair of horns on your head.
You reflexively headbutt those who attack you in melee.


Message History

Unknown command.
You hit the ogre.
The ogre is lightly wounded.
The ogre hits you with a +0 giant club!
An orc comes into view. It is wielding a +0 short sword.
There are monsters nearby!
There are monsters nearby!
You are too injured to fight recklessly!
Unknown command.
You are too injured to fight recklessly!
You are too injured to fight recklessly!
Unknown command.
You are too injured to fight recklessly!
The orc wizard gestures wildly while chanting.
The orc wizard flickers and vanishes!
The orc shouts!
You slash the phantom! Your headbutt misses the phantom.
The phantom is moderately damaged.
You hit the ogre. You barely miss the phantom.
The phantom is moderately damaged.
You hit the ogre but do no damage.
The phantom hits you but does no damage.
The ogre barely misses you.
You barely miss the phantom.
The phantom is moderately damaged.
You barely miss the ogre.
A puff of flame appears from out of thin air!
The puff of flame hits you but does no damage.
The phantom closely misses you. You furiously retaliate!
You headbutt the phantom.
The ogre hits you with a +0 giant club!!
* * * LOW HITPOINT WARNING * * *
A red film seems to cover your vision as you go berserk!
You feel yourself moving faster!
You feel mighty!
The phantom hits you but does no damage.
You slash the ogre!
The ogre is heavily wounded.
You closely miss the phantom. The ogre hits you with a +0 giant club!
You die...

... ... .{o #.#
.#######Y#
.......o.#
........{#
.......O.#
.####.##@#
####.##W#########.#.
....................
###..##.###.......#
#. ...# #.####..#
#...### #.# # #...
#.# #.. #†#######
#.. #####........


You could see an ice beast, an ogre, a phantom and 2 orcs.

Vanquished Creatures
  An ogre (D:4)
  2 orc priests (D:4)
  An iguana (D:3)
  An orc wizard (D:3)
  8 gnolls
  4 adders
  An ufetubus (D:4)
  A worm (D:5)
  20 orcs
  4 endoplasms
  3 giant cockroaches
  8 goblins
  4 hobgoblins
  3 jackals (D:1)
  A quokka (D:4)
  10 ball pythons
  A bat (D:3)
  3 frilled lizards
  5 kobolds
  7 rats
88 creatures vanquished.

Notes
Turn   | Place    | Note
-------+----------+-------------------------------------------
     0 | D:1      | thiscave3701365 the Minotaur Berserker began the quest for
                  | the Orb.
     0 | D:1      | Reached XP level 1. HP: 19/19 MP: 0/0
   546 | D:1      | Found a faded altar of an unknown god.
   606 | D:1      | Reached XP level 2. HP: 27/27 MP: 1/1
   931 | D:1      | Reached skill level 4 in Axes
  1558 | D:2      | Reached XP level 3. HP: 33/33 MP: 2/2
  1710 | D:2      | Reached XP level 4. HP: 40/40 MP: 3/3
  1732 | D:2      | Reached ** piety under Trog
  3030 | D:3      | Found a hide-covered altar of Uskayaw.
  3031 | D:3      | Found a burning altar of Makhleb.
  3088 | D:3      | Reached skill level 5 in Axes
  3088 | D:3      | Reached XP level 5. HP: 47/47 MP: 4/4
  4276 | D:4      | Noticed an ogre
  4282 | D:4      | Killed an ogre
  4283 | D:4      | Reached skill level 6 in Axes
  4501 | D:4      | Found a staircase to the Ecumenical Temple.
  4568 | D:4      | Found an opulent altar of Gozag.
  4568 | D:4      | Found a sparkling altar of Nemelex Xobeh.
  4663 | D:4      | Reached XP level 6. HP: 53/53 MP: 5/5
  4779 | D:4      | Reached skill level 7 in Axes
  4936 | D:4      | Found a snail-covered altar of Cheibriados.
  5085 | D:4      | Found an iron altar of Okawaru.
  5551 | D:5      | Entered Level 5 of the Dungeon
  5721 | D:5      | Noticed an ice beast
  5727 | D:5      | HP: 1/53 [ogre/+0 giant club (22)]
  5729 | D:5      | Slain by an ogre

Illustrated notes

Levels and vault maps discovered:
D:1:      wander_arrival_lonely_grave, layout_basic,
          ebering_ecumenical_altar_rust
D:2:      layout_basic, minmay_misc_feat_tower, grunt_decor_mini_mirrors
D:3:      layout_basic, mainiacjoe_overflow_divided_tiny
D:4:      layout_loops_ring, grunt_temple_overflow_opulence,
          general_overflow_altar, mainiacjoe_overflow_24_doors, temple_doors_ab
D:5:      layout_basic, mainiacjoe_overflow_paths

Skill      XL: |  1  2  3  4  5  6 |
---------------+-------------------+-----
Axes           | 4 5 6 7 |  7.6
Fighting       | 4 |  4.5
Armour         | 3 |  3.6
Dodging        | 3 |  3.4

Action                   |  1- 3 |  4- 6 || total
-------------------------+-------+-------++-------
Melee: Hand axe          |    54 |   122 ||   176
       Headbutt          |     8 |    22 ||    30
Invok: Berserk           |     2 |     9 ||    11
  Use: Scroll            |       |    13 ||    13
Armor: Animal skin       |    11 |       ||    11
       Scale mail        |     7 |     7 ||    14
       Chain mail        |       |    52 ||    52
Dodge: Dodged            |    38 |    44 ||    82

Table legend: (Time is in decaauts)
 A = Elapsed time spent in this place.
 B = Non-inter-level travel time spent in this place.
 C = Inter-level travel time spent in this place.
 D = Time resting spent in this place.
 E = Time spent auto-exploring this place.
 F = Levels seen in this place.
 G = Mean time per level.
                   A        B        C        D        E       F      G
               +--------+--------+--------+--------+--------+-----+--------+
         Total |   5843 |   5655 |    188 |   1734 |   3428 |   5 | 1168.6 |
       Dungeon |   5843 |   5655 |    188 |   1734 |   3428 |   5 | 1168.6 |
               +--------+--------+--------+--------+--------+-----+--------+

Top non-repeatable levels by time:
     D:3: 1506 daAuts
     D:1: 1443 daAuts
     D:2: 1383 daAuts
     D:4: 1332 daAuts
     D:5: 176 daAuts
